 Dungeon Crawl Stone Soup version 0.31-a0-949-g57150269e1 (webtiles) character file.

Game seed: 14896321255493025194

145 Kurtz the Chopper (level 5, -17/41 HPs)
             Began as a Mummy Delver on Oct 22, 2023.
             Demolished by an ogre
             ... wielding a +0 giant club
              (19 damage)
             ... on level 3 of the Dungeon.
             The game lasted 00:03:18 (2645 turns).

Kurtz the Chopper (Mummy Delver)                    Turns: 2645, Time: 00:03:19

Health: -17/41     AC:  6    Str: 24    XL:     5   Next: 6%
Magic:  5/5        EV: 11    Int:  9    God:
Gold:   92         SH:  0    Dex: 13    Spells: 4/4 levels left

rFire   x . .        a - +0 hand axe
rCold   + . .        (no shield)
rNeg    + + +        i - +0 ring mail
rPois   ∞            (no helmet)
rElec   .            (no cloak)
rCorr   .            g - +0 pair of gloves
SInv    .            (no boots)
Will    .....        (no amulet)
Stlth   ++           h - +6 ring of strength
HPRegen 0.26/turn    (no ring)
MPRegen 0.09/turn

%: faith
@: no status effects
A: cold resistance 1, negative energy resistance 3, torment resistance 2, heat
vulnerability 1, in touch with death 1, no potions, faith
a: no special abilities


You were on level 3 of the Dungeon.
You visited 1 branch of the dungeon, and saw 5 of its levels.

You collected 92 gold pieces.

Inventory:

Hand Weapons
 a - a +0 hand axe (weapon)
Missiles
 o - a poisoned dart (quivered)
 p - 6 stones
Armour
 b - a +0 leather armour
 g - a +0 pair of gloves (worn)
 i - a +0 ring mail (worn)
Jewellery
 h - a +6 ring of strength (left hand)
 l - a ring of magical power
Wands
 f - a wand of digging (3)
Scrolls
 c - a scroll of fog
 d - a scroll of revelation
 e - a scroll of identify
 j - 3 scrolls of teleportation
 k - a scroll of amnesia {unknown}
 m - 2 scrolls of immolation {unknown}
 n - a scroll of vulnerability {unknown}


   Skills:
 - Level 3.0 Fighting
 * Level 4.4 Axes
 - Level 1.5 Dodging
 - Level 4.1 Stealth


You had 4 spell levels left.
You didn't know any spells.
Your spell library was empty.

Dungeon Overview and Level Annotations

Branches:
Dungeon (5/15)
 Temple: D:4-7

Altars:

Annotations:
D:1 1 exclusion
D:5 exclusions: ice beast and orc


Innate Abilities, Weirdness & Mutations

You are immune to poison.
Your flesh is cold resistant. (rC+)
You are immune to negative energy. (rN+++)
You are immune to unholy pain and torment.
You are vulnerable to heat. (rF-)
You are in touch with the powers of death.
You do not drink.
You have a special connection with the divine. (Faith)


Message History

An ogre comes into view. It is wielding a +0 giant club.
The ogre shouts!
You slash the adder!
You kill the adder!
You hear an angry hiss.
The adder hisses angrily.
The ogre barely misses you.
You hit the ogre but do no damage. The adder bites you.
You barely miss the ogre. You hit the adder. The ogre barely misses you.
The adder bites you but does no damage.
You barely miss the adder.
The adder is lightly wounded.
You barely miss the ogre. The adder bites you but does no damage.
The ogre hits you with a +0 giant club!
You slash the adder!
The adder is severely wounded.
You hit the ogre.
The adder bites you but does no damage. x2
The ogre misses you.
You slash the adder!
You kill the adder!
You hit the ogre.
You have reached level 5!
You feel stronger.
Unknown command.
Okay, then.
Throw: 2 darts (poison)
Press: ? - help, Q - select action, (/) - cycle Shift-Dir - straight line, f - ogre
Aim: an ogre, wielding a +0 giant club (moderately wounded, 71% to hit)
You throw a poisoned dart. The poisoned dart hits the ogre.
The ogre is poisoned.
The ogre is moderately wounded.
The ogre hits you with a +0 giant club!!
Ouch! That really hurt!
* * * LOW HITPOINT WARNING * * *
Unknown command.
As you read the scroll labelled WOEWATUOTO, it crumbles to dust.
It is a scroll of identify.
j - 3 scrolls of teleportation The ogre hits you with a +0 giant club!!
You die...

#.#.#.##.......#.##..............
#.#!#.# ##S#.#.##.########.###.
#...#.. ..#....#.# #.....
....#### .#.#[.#.# #..... ##...
.....#.# #.#### ....#
###w#....#.########.#... .....
....#.w................. ##.##
......O†.......####.#.## .# ..
#..@<......# #.#... ######
#.....#.......# #.# ##
.....#########.##.......####.####
......†..........................
##############.###.......###.###.
... .. #.......# #.# #
##################.....$.# #.#
.........................# #.#
##################.......# #.# .


You could see an ogre (poisoned) and a worm.

Vanquished Creatures
  6 adders
  A worm (D:2)
  5 dart slugs
  An orc (D:3)
  11 ball pythons
  5 bats
  7 endoplasms
  A giant cockroach (D:3)
  10 goblins
  5 hobgoblins
  6 jackals (D:2)
  4 quokkas
  A frilled lizard (D:1)
  3 kobolds
  5 rats
71 creatures vanquished.

Notes
Turn   | Place    | Note
-------+----------+-------------------------------------------
     0 | D:5      | Kurtz the Mummy Delver began the quest for the Orb.
     0 | D:5      | Reached XP level 1. HP: 18/18 MP: 1/1
   160 | D:5      | Noticed an ice beast
   213 | D:5      | Noticed an orc wizard
   298 | D:4      | Noticed a scorpion
   298 | D:4      | Noticed a gnoll bouda
   771 | D:1      | Reached XP level 2. HP: 24/24 MP: 2/2
  1063 | D:1      | Reached XP level 3. HP: 29/29 MP: 3/3
  1868 | D:2      | Reached XP level 4. HP: 33/35 MP: 4/4
  2634 | D:3      | Noticed an ogre
  2644 | D:3      | Reached XP level 5. HP: 23/41 MP: 5/5
  2644 | D:3      | HP: 2/41 [ogre/+0 giant club (22)]
  2645 | D:3      | Demolished by an ogre

Illustrated notes

Levels and vault maps discovered:
D:1:      minmay_arrival_glassed_features, layout_basic,
          wander_ebering_terrifying_dragon_lair
D:2:      layout_basic, minmay_shallow_snake_nest
D:3:      layout_basic
D:4:      layout_cave_pools, minmay_temple_entry_tees, uniq_duvessa, uniq_ijyb,
          uniq_blork_the_orc
D:5:      layout_basic, lightli_minifort

Skill      XL: |  1  2  3  4 |
---------------+-------------+-----
Axes           | 2 3 4 |  4.4
Fighting       | |  3.0
Dodging        | |  1.5
Stealth        | |  4.1

Action                     |  1- 3 |  4- 6 || total
---------------------------+-------+-------++-------
  Melee: Hand axe          |   124 |   103 ||   227
  Throw: Dart              |       |     1 ||     1
    Use: Scroll            |     1 |     1 ||     2
   Stab: Sleeping          |     3 |       ||     3
 Armour: Leather armour    |    24 |       ||    24
         Ring mail         |    57 |    76 ||   133
  Dodge: Dodged            |    72 |    74 ||   146

Table legend: (Time is in decaauts)
 A = Elapsed time spent in this place.
 B = Non-inter-level travel time spent in this place.
 C = Inter-level travel time spent in this place.
 D = Time resting spent in this place.
 E = Time spent auto-exploring this place.
 F = Levels seen in this place.
 G = Mean time per level.
                   A        B        C        D        E       F      G
               +--------+--------+--------+--------+--------+-----+--------+
         Total |   2677 |   2582 |     95 |    116 |   1586 |   5 |  535.4 |
       Dungeon |   2677 |   2582 |     95 |    116 |   1586 |   5 |  535.4 |
               +--------+--------+--------+--------+--------+-----+--------+

Top non-repeatable levels by time:
     D:1: 1077 daAuts
     D:2: 711 daAuts
     D:3: 580 daAuts
     D:5: 298 daAuts
     D:4: 9 daAuts
